 Dungeon Crawl Stone Soup version 0.29.1-1-gd02db6906a (webtiles) character file.

Game seed: 14951349360911537336

693 Earthwalker the Chopper (level 7, 0/60 HPs)
             Began as a Hill Orc Fighter on Oct 9, 2022.
             Slain by an ogre
             ... wielding a +0 giant club
              (8 damage)
             ... on level 5 of the Dungeon.
             The game lasted 00:22:03 (5888 turns).

Earthwalker the Chopper (Hill Orc Fighter)          Turns: 5888, Time: 00:22:04

Health: 0/60       AC: 11    Str: 19    XL:     7   Next: 64%
Magic:  17/17      EV:  7    Int:  8    God:
Gold:   197        SH:  6    Dex: 12    Spells: 8/8 levels left

rFire   . . .      SeeInvis .   a - +1 war axe
rCold   . . .      Faith    .   c - +1 buckler
rNeg    . . .      Spirit   .   e - +0 chain mail
rPois   .          Reflect  .   (no helmet)
rElec   .          Harm     .   (no cloak)
rCorr   .          Rampage  .   x - +0 pair of gloves
Will    +....                   (no boots)
Stlth   ..........              (no amulet)
HPRegen 0.20/turn               f - ring of willpower
MPRegen 0.15/turn               l - ring of magical power

@: no status effects
A: no striking features
a: no special abilities


You were on level 5 of the Dungeon.
You visited 2 branches of the dungeon, and saw 7 of its levels.

You collected 197 gold pieces.

Inventory:

Hand Weapons
 a - a +1 war axe (weapon)
 h - a +2 vorpal flail
 m - a +0 spear
 s - a +0 halberd
Missiles
 t - 2 throwing nets (quivered)
 y - 4 curare-tipped darts
Armour
 b - a +0 scale mail
 c - a +1 buckler (worn)
 e - a +0 chain mail (worn)
 x - a +0 pair of gloves (worn)
Jewellery
 f - a ring of willpower (left hand)
 l - a ring of magical power (right hand)
 u - the ring of Lugonu's Grace {rElec rPois rC++ rCorr Str-2}
   (You found it on level 3 of the Dungeon)

   [ring of resist corrosion]

   Str:       It affects your strength (-2).
   rC:        It greatly protects you from cold.
   rElec:     It insulates you from electricity.
   rPois:     It protects you from poison.
   rCorr:     It protects you from acid and corrosion.
Wands
 A - a wand of polymorph (9)
Scrolls
 o - a scroll of amnesia
 q - a scroll of teleportation
 w - 4 scrolls of identify
Potions
 d - a potion of might
 g - a potion of flight
 i - 4 potions of brilliance {unknown}
 j - a potion of cancellation {unknown}
 k - 5 potions of curing {unknown}
 p - 2 potions of lignification {unknown}
 v - a potion of attraction {unknown}
 z - a potion of resistance {unknown}


   Skills:
 * Level 4.8 Fighting
 * Level 6.4(6.7) Axes
 * Level 2.2(4.0) Polearms
 * Level 5.1 Armour
 * Level 1.3 Dodging
 * Level 1.9 Stealth
 * Level 4.0 Shields
 * Level 1.3 Spellcasting


You had 8 spell levels left.
You didn't know any spells.
Your spell library contained the following spells:

 Spells                   Type           Power      Damage    Failure   Level
 Magic Dart               Conj           0%         1d3       99%         1
 Call Imp                 Summ           0%         N/A       100%        2
 Mephitic Cloud           Conj/Pois/Air  0%         N/A       100%        3
 Malign Gateway           Summ/Tloc      0%         N/A       100%        7
 Summon Horrible Things   Summ           0%         N/A       100%        8


Dungeon Overview and Level Annotations

Branches:
Dungeon (6/15)             Temple (1/1) D:4

Altars:
Ashenzari
Cheibriados
Dithmenos
Elyvilon
Fedhas
Gozag
Hepliaklqana
Kikubaaqudgha
Nemelex Xobeh
Qazlal
Sif Muna
Trog
Uskayaw
Vehumet
Wu Jian
Xom
Zin
The Shining One

Shops:
D:5 :

Annotations:
D:2 1 runed translucent door, Crazy Yiuf
D:6 1 transporter


Message History

You slash the black bear!
The black bear is almost dead.
You block the black bear's attack.
The black bear claws you but does no damage.
The black bear closely misses you.
You hit the black bear but do no damage.
The black bear is almost dead.
You block the black bear's attack.
The black bear claws you but does no damage.
You block the black bear's attack.
The black bear bites you but does no damage.
The black bear barely misses you. The black bear claws you.
You barely miss the black bear.
The black bear is almost dead.
The black bear bites you but does no damage.
The black bear claws you but does no damage.
The black bear claws you.
You slash the black bear!
You kill the black bear!
HP restored.
k - 5 golden potions (gained 1)
You now have 197 gold pieces (gained 18).
An ogre comes into view. It is wielding a +0 giant club.
The ogre shouts!
You hit the ogre.
The ogre is lightly wounded.
The ogre hits you with a +0 giant club.
You slash the ogre!
The ogre is moderately wounded.
The ogre hits you with a +0 giant club!!
You barely miss the ogre.
The ogre is moderately wounded.
You barely miss the ogre.
The ogre is moderately wounded.
The ogre hits you with a +0 giant club!!
* * * LOW HITPOINT WARNING * * *
You slash the ogre!
The ogre is severely wounded.
The ogre hits you with a +0 giant club!
You die...

.#.# #..#.####.....##....#
.#.####....................
.#........>.........# ..# .#
####..#.####.....# #.### .##
#..#.# #(....# #<..# ..#
#..#.# ####.## #.#...... ..#
...#.# #.# ... ..##. .<##
.#. #.#######.# ####. .#
...##. #.....O@..# .# #
##.##.#.##..#.#....####### #
...........##.##.........#
###.###.##..###..#.#........
.⌠### # #.. #..##.##.#.....
...## #..###/ ### ...#.##
....## #.## ## .... #
♣♣...## #..#.#..# .#.##
~♣♣...## #......# ...#


You could see an ogre.

Vanquished Creatures
  A black bear (D:5)
  Blork the orc (D:4)
  2 necrophages
  2 hounds (D:4)
  2 jellies
  An iguana (D:4)
  2 orc wizards
  7 gnolls (D:2)
  3 adders
  A white imp (D:5)
  A worm (D:3)
  3 dart slugs
  4 orcs
  6 endoplasms (D:1)
  3 giant cockroaches
  16 goblins
  11 hobgoblins
  6 jackals (D:2)
  4 kobolds
  2 quokkas
  4 ball pythons
  3 bats
  A frilled lizard (D:1)
  5 rats
91 creatures vanquished.

Vanquished Creatures (others)
  10 withered plants (D:2)
10 creatures vanquished.

Grand Total: 101 creatures vanquished

Notes
Turn   | Place    | Note
-------+----------+-------------------------------------------
     0 | D:1      | Earthwalker the Hill Orc Fighter began the quest for the
                  | Orb.
     0 | D:1      | Reached XP level 1. HP: 19/19 MP: 1/1
   213 | D:1      | Reached XP level 2. HP: 15/27 MP: 2/2
   599 | D:1      | Reached skill level 3 in Axes
   618 | D:1      | Reached XP level 3. HP: 33/33 MP: 3/3
  1178 | D:2      | Found a faded altar of an unknown god.
  1399 | D:2      | Reached XP level 4. HP: 33/40 MP: 4/4
  1686 | D:2      | Reached skill level 4 in Axes
  1686 | D:2      | Reached skill level 1 in Stealth
  1865 | D:2      | HP: 1/40 [gnoll/+0 halberd (4)]
  2428 | D:2      | You fall into a shaft and drop 1 floor!
  2543 | D:2      | HP: 2/40 [gnoll/+0 halberd (7)]
  2546 | D:2      | Reached skill level 1 in Polearms
  2546 | D:2      | Reached XP level 5. HP: 3/46 MP: 5/5
  3021 | D:2      | Found a runed translucent door.
  3022 | D:2      | Noticed Crazy Yiuf
  3377 | D:3      | Found a white marble altar of Elyvilon.
  3380 | D:3      | Identified the ring of Lugonu's Grace {rElec rPois rC++
                  | rCorr Str-2}
  3967 | D:3      | Found a blossoming altar of Fedhas.
  3968 | D:3      | Found a shimmering blue altar of Sif Muna.
  4256 | D:4      | Reached XP level 6. HP: 36/53 MP: 7/7
  4392 | D:4      | Noticed Blork the orc
  4417 | D:4      | Killed Blork the orc
  4418 | D:4      | Reached skill level 5 in Axes
  4418 | D:4      | Reached skill level 1 in Dodging
  4733 | D:5      | Entered Level 5 of the Dungeon
  4805 | D:4      | Found an ancient bone altar of Kikubaaqudgha.
  4805 | D:4      | Found a sparkling altar of Nemelex Xobeh.
  4909 | D:4      | Reached skill level 1 in Spellcasting
  4935 | D:4      | Found a hazy altar of Hepliaklqana.
  5040 | D:4      | Found a staircase to the Ecumenical Temple.
  5049 | Temple   | Entered the Ecumenical Temple
  5396 | D:5      | Found Hatiklak's Book Boutique.
  5402 | D:4      | Reached XP level 7. HP: 60/60 MP: 8/8
  5685 | D:5      | Reached skill level 6 in Axes
  5797 | D:6      | Found a transporter.
  5805 | D:6      | Reached skill level 5 in Armour
  5888 | D:5      | Slain by an ogre

Illustrated notes

Levels and vault maps discovered:
D:1:      saegor_arrival_miasma, layout_basic, ebering_dispersal_statue_hall,
          corexii_corridor_pit
D:2:      minmay_wonky_spiral, layout_basic, ebering_ecumenical_altar_petrified,
          item_on_display_a, uniq_crazy_yiuf_cottage
D:3:      cheibrodos_greedy_goblins, layout_loops_ring, lemuel_crystal_altar,
          nicolae_overflow_hidden_temple, serial_glass, glass_columns_a,
          glass_columns_a, serial_park_tiny_pond
D:4:      layout_loops_ring, mainiacjoe_overflow_six_doors_small,
          gammafunk_temple_overflow_pools, lemuel_temple_firewalk_b,
          uniq_blork_the_orc
D:5:      cheibrodos_helix_gallery, layout_loops_ring, reono_crystal_passage,
          nicolae_stop_n_shop_1, kennysheep_donut, minmay_between
D:6:      gammafunk_wand_slinger, layout_basic, serial_bayou_ford_a,
          uniq_edmund, uniq_prince_ribbit1
Temple:   nicolae_temple_bog_church

Skill      XL: |  1  2  3  4  5  6  7 |
---------------+----------------------+-----
Axes           | 3 4 5 6 |  6.4
Fighting       | 4 |  4.8
Stealth        | 1 |  1.9
Polearms       | 1 2 |  2.2
Armour         | 4 5 |  5.1
Dodging        | 1 |  1.3
Spellcasting   | 1 |  1.3
Shields        | 4 |  4.0

Action                   |  1- 3 |  4- 6 |  7- 9 || total
-------------------------+-------+-------+-------++-------
Melee: War axe           |    96 |   150 |    44 ||   290
  Use: Scroll            |     4 |       |     4 ||     8
Armor: Chain mail        |    82 |    78 |    28 ||   188
       Scale mail        |     1 |       |       ||     1
Dodge: Dodged            |    58 |    59 |    11 ||   128
Block: Buckler           |    27 |    24 |     7 ||    58
